Map: Ruínas de Seras

Players

Kelazhur

  • Race: Terran Terran
  • League: Grandmaster

Light (SpeCial) - Winner!

  • Race: Terran Terran
  • League: Master

Event: Copa America 2016 Season 1

VOD

Have the link to the VOD?

Description

Time

  • Played on: Feb. 17, 2016, 7:15 p.m.
  • Length: 11:03

All games in this series

Show
View Real Time Build Order
Export as new Build Order

Kelazhur Terran 

Build Orders: 1/1/1, Banshee Rush 

Get SALT Encoding   

  12  0:00  SCV  
  13  0:13  SCV  
  14  0:18  Supply Depot  
  14  0:25  SCV  
  15  0:29  Refinery  
  15  0:39  SCV  
  16  0:45  Barracks  
  16  0:51  SCV  
  16  0:56  Refinery  
  17  1:03  SCV  
  18  1:16  SCV  
  19  1:33  Factory, Orbital Command  
  19  1:36  Marine  
  20  1:48  Supply Depot  
  20  1:54  Barracks Tech Lab  
  20  2:00  SCV  
  21  2:12  SCV  
  22  2:17  Starport  
  22  2:19  Hellion  
  24  2:24  SCV  
  24  2:29  Supply Depot  
  25  2:34  Barracks Reactor  
  25  2:37  SCV  
  25  2:41  Factory Tech Lab  
  27  2:53  Cloaking Field  
  27  2:54  Banshee  
  27  2:56  SCV  
  30  3:11  Marine x2  
  35  3:14  SCV  
  35  3:16  Cyclone  
  36  3:20  Supply Depot  
  36  3:28  Marine x2  
  38  3:37  SCV  
  39  3:42  Banshee  
  39  3:43  Supply Depot  
  39  3:46  Marine x2  
  44  3:53  Siege Tank  
  47  4:02  Supply Depot  
  47  4:04  Marine x2  
  49  4:16  Supply Depot  
  49  4:25  Siege Tank  
  49  4:29  Marine x2  
  54  4:36  Banshee  
  57  4:47  Marine x2  
  53  5:04  Marine  
  53  5:05  Marine  
  53  5:08  Cyclone  
  55  5:25  Marine x2  
  50  5:35  Medivac  
  45  5:40  Siege Tank, Command Center  
  48  5:44  Marine x2  
  50  5:56  SCV  
  51  5:58  Barracks  
  51  6:01  Marine x2  
  53  6:15  Siege Tank  
  56  6:24  Marine x2  
  54  6:33  SCV  
  55  6:43  Marine x2  
  55  6:45  SCV  
  54  7:01  Marine x2  
  52  7:05  Siege Tank  
  57  7:11  SCV  
  44  7:17  Barracks x2  
  44  7:19  Marine x2  
  44  7:22  Marine  
  47  7:23  Stimpack  
  47  7:25  Starport Reactor  
  47  7:26  SCV  
  48  7:31  Viking  
  50  7:38  SCV  
  50  7:39  Marine x2  
  50  7:41  Orbital Command  
  53  7:47  Siege Tank  
  56  7:51  Marine  
  56  7:57  SCV  
  58  7:59  Marine  
  58  8:00  Marine  
  58  8:03  Starport Reactor  
  60  8:06  SCV  
  60  8:07  Barracks Reactor x2  
  60  8:11  SCV  
  62  8:15  Refinery  
  62  8:18  SCV  
  62  8:19  Refinery  
  63  8:20  Marine  
  63  8:22  Marine  
  63  8:23  SCV  
  66  8:30  SCV  
  66  8:32  Marine  
  68  8:35  SCV  
  68  8:38  Marine  
  69  8:42  SCV, Marine  
  69  8:47  SCV, Medivac x2, Engineering Bay  
  76  8:50  Marine  
  76  8:51  Supply Depot  
  76  8:55  SCV  
  77  8:57  Marine  
  77  8:58  Marine x2  
  77  8:59  SCV  
  81  9:04  Marine  
  81  9:07  SCV  
  83  9:12  Supply Depot  
  83  9:13  Supply Depot, Marine x2  
  83  9:23  SCV  
  84  9:29  Marine  
  84  9:30  Marine  
  86  9:38  Marine  
  86  9:39  SCV  
  86  9:40  Marine  
  86  9:45  Missile Turret  
  89  9:46  Marine x2  
  89  9:47  Marine  
  89  9:48  Marine  
  89  9:50  SCV  
  92  9:53  Siege Tank  
  92  9:56  Marine  
  92  9:58  Marine  
  96  10:02  Medivac x2  
  100  10:11  Supply Depot  
  100  10:12  Marine  
  100  10:13  Supply Depot, Marine x2  
  104  10:16  Barracks Reactor  
  103  10:25  Marine x2  
  103  10:26  Siege Tank  
  106  10:30  Barracks Reactor  
Show
View Real Time Build Order
Export as new Build Order

Light Terran - Winner!

Build Orders: Bio Tank 

Get SALT Encoding   

  12  0:01  SCV  
  13  0:13  SCV  
  14  0:17  Supply Depot  
  14  0:25  SCV  
  15  0:39  SCV  
  15  0:41  Barracks  
  16  0:51  SCV  
  17  1:03  SCV  
  18  1:15  Command Center  
  18  1:18  SCV  
  19  1:29  Marine  
  20  1:32  Orbital Command  
  20  1:39  Supply Depot  
  20  1:47  Marine  
  20  1:52  Refinery  
  20  1:53  Refinery  
  21  1:58  SCV  
  22  2:05  Marine  
  22  2:10  SCV  
  23  2:23  SCV, Marine  
  23  2:28  Orbital Command  
  25  2:35  Factory, SCV  
  26  2:45  Barracks Reactor  
  26  2:47  SCV  
  27  2:53  SCV  
  28  2:59  SCV  
  28  3:05  SCV  
  30  3:11  SCV  
  31  3:17  SCV  
  32  3:20  Engineering Bay, Starport  
  32  3:21  Marine  
  32  3:22  Factory Tech Lab, Marine  
  32  3:23  SCV  
  35  3:29  SCV  
  35  3:32  Supply Depot  
  36  3:35  SCV  
  36  3:40  Marine x2  
  39  3:41  Cyclone, SCV  
  39  3:47  SCV  
  44  3:48  Missile Turret  
  44  3:51  Missile Turret  
  44  3:52  Missile Turret  
  44  3:54  SCV  
  45  3:59  SCV, Medivac  
  48  4:05  Supply Depot  
  48  4:06  Marine x2  
  48  4:09  SCV  
  51  4:11  SCV  
  52  4:21  Siege Tank  
  54  4:27  SCV x2  
  54  4:28  Marine x2  
  55  4:33  Viking  
  57  4:39  SCV x2  
  57  4:46  Marine x2  
  47  5:02  SCV x2  
  47  5:03  Viking  
  47  5:04  Marine x2  
  51  5:13  Siege Tank  
  53  5:14  SCV  
  53  5:22  Marine x2  
  53  5:27  SCV x2  
  51  5:39  SCV x2  
  51  5:40  Starport Reactor  
  51  5:41  Marine x2  
  53  5:45  Command Center  
  53  5:51  SCV x2  
  53  5:52  Siege Tank  
  58  5:57  Supply Depot  
  58  6:03  SCV x2  
  60  6:13  Barracks x2  
  60  6:15  SCV  
  60  6:16  SCV, Barracks Tech Lab  
  60  6:17  Refinery  
  60  6:18  Refinery  
  62  6:28  Medivac, SCV x2  
  66  6:36  Missile Turret, Marine  
  66  6:39  Stimpack  
  67  6:40  SCV x2  
  67  6:52  SCV x2  
  68  6:54  Marine  
  68  6:58  Siege Tank  
  66  7:04  SCV  
  66  7:08  SCV  
  66  7:12  Marine  
  66  7:13  Marine x2  
  66  7:14  Barracks Reactor  
  69  7:16  SCV  
  69  7:19  Barracks x2  
  70  7:23  Medivac  
  70  7:24  Orbital Command  
  70  7:26  SCV  
  70  7:27  Terran Infantry Weapons Level 1  
  70  7:28  SCV  
  74  7:30  Marine  
  74  7:31  Marine x2  
  77  7:38  SCV  
  77  7:39  Medivac  
  77  7:40  SCV  
  81  7:47  Marine  
  81  7:49  Marine  
  81  7:50  Supply Depot  
  81  7:51  Marine x2  
  85  7:52  Supply Depot  
  85  7:53  Marine  
  85  7:54  Supply Depot  
  85  7:56  Orbital Command  
  85  8:07  Barracks Reactor x2  
  85  8:08  Supply Depot  
  85  8:12  Siege Tank, SCV x2, Marine x3  
  93  8:13  Marine  
  93  8:14  Marine  
  93  8:16  Supply Depot  
  93  8:18  Supply Depot  
  95  8:22  SCV  
  95  8:24  SCV x2  
  98  8:29  Marine x3  
  98  8:31  Marine  
  98  8:33  Medivac  
  98  8:34  SCV, Medivac  
  106  8:35  Supply Depot  
  106  8:36  SCV x2  
  106  8:38  Marine  
  110  8:44  Marine x3  
  110  8:46  SCV  
  110  8:47  Combat Shields  
  114  8:48  SCV x2  
  114  8:53  Marine x2  
  118  8:58  SCV  
  118  9:00  SCV  
  118  9:01  Siege Tank  
  118  9:03  Medivac  
  118  9:04  Supply Depot, Medivac  
  118  9:05  Refinery  
  118  9:06  Refinery  
  118  9:08  Marine x5  
  118  9:09  Marine  
  128  9:19  Marine x2  
  128  9:20  Marine  
  131  9:25  Marine  
  131  9:26  Marine  
  131  9:27  Marine x3  
  136  9:33  Siege Tank, Medivac x2  
  136  9:34  SCV x3  
  146  9:38  Marine x2  
  146  9:39  Marine  
  146  9:44  Supply Depot  
  146  9:45  Supply Depot  
  149  9:50  Marine  
  149  9:51  Sensor Tower  
  148  9:53  Marine  
  148  9:59  Marine x7  
  147  10:03  Supply Depot  
  147  10:04  Supply Depot  
  147  10:06  Factory, Engineering Bay  
  147  10:07  Armory, Marine  
  147  10:09  Siege Tank  
  147  10:12  Marine  
  152  10:17  Marine x7  
  159  10:22  Medivac x2  
  159  10:25  Marine  
  164  10:30  Marine  
  164  10:35  Marine x6  
  170  10:38  Marine  
  174  10:43  Marine  
Tags
 
Add a new tag
Caveats
  • Supply blocks, unpowered buildings, or Contaminate may cause inaccurate times.
  • Supply counts are checked every 10 seconds.